 Dungeon Crawl Stone Soup version 0.21-a0-225-g207ae17 (webtiles) character file.

25 tidbits the Skirmisher (level 2, -5/27 HPs)
             Began as a Draconian Wanderer on Aug 28, 2017.
             Slain by a gnoll (8 damage)
             ... on level 2 of the Dungeon.
             The game lasted 00:01:59 (278 turns).

tidbits the Skirmisher (Draconian Wanderer)          Turns: 278, Time: 00:02:00

Health: -5/27      AC:  4    Str: 15    XL:     2   Next: 82%
Magic:  2/2        EV:  8    Int: 11    God:
Gold:   9          SH:  8    Dex: 10    Spells: 1/1 levels left

rFire    . . .     SeeInvis +   a - +2 hand axe
rCold    . . .     Gourm    .   D - +0 shield
rNeg     . . .     Faith    .   (armour unavailable)
rPois    .         Spirit   .   (helmet restricted)
rElec    .         Reflect  .   (no cloak)
rCorr    .         Harm     .   (no gloves)
MR       .....                  (no boots)
Stlth    +.........             (no amulet)
HPRegen  0.09/turn              i - ring of see invisible
MPRegen  0.08/turn              (no ring)

@: no status effects
A: unfitting armour, cold-blooded, AC +4
a: no special abilities


You were on level 2 of the Dungeon.
You were not hungry.

You visited 1 branch of the dungeon, and saw 3 of its levels.

You collected 9 gold pieces.

Inventory:

Hand Weapons
 a - a +2 hand axe (weapon)
Missiles
 e - 20 bolts
Armour
 D - a +0 shield (worn)
Jewellery
 i - a ring of see invisible (left hand)
   (You found it on level 3 of the Dungeon)
Scrolls
 d - a scroll of remove curse {unknown}
 f - a scroll of identify {unknown}
 g - a scroll of immolation {unknown}
 j - a scroll of fog {unknown}
Potions
 b - 2 potions of curing
 h - a potion of ambrosia {unknown}
 k - a potion of heal wounds {unknown}
Comestibles
 c - a bread ration


   Skills:
 + Level 3.9 Fighting
 - Level 2.0 Axes
 - Level 1.0 Throwing
 - Level 0.3 Dodging
 + Level 2.0 Shields
   Level 2.0 Necromancy
   Level 1.0 Fire Magic


You had one spell level left.
You didn't know any spells.

Dungeon Overview and Level Annotations

Branches:
Dungeon (3/15)

Altars:


Innate Abilities, Weirdness & Mutations

Your plain brown scales are hard. (AC +4)
You cannot fit into any form of body armour.
You are cold-blooded and may be slowed by cold attacks.


Message History

You hit the goblin. The adder bites you but does no damage.
You block the goblin's attack.
You closely miss the adder. You tail-slap the adder.
You kill the adder!
You have reached level 2!
You closely miss the goblin. The goblin hits you with a dagger.
You block the ball python's attack. x2
You slash the ball python!
You kill the ball python!
You miss the goblin. The goblin closely misses you.
The goblin hits you but does no damage.
You hit the giant cockroach.
The giant cockroach is heavily wounded.
You closely miss the goblin. The giant cockroach misses you.
The goblin hits you but does no damage.
The giant cockroach bites you but does no damage.
You hit the giant cockroach.
You kill the giant cockroach!
You hit the goblin. The goblin barely misses you.
You hit the goblin.
You kill the goblin!
A hobgoblin comes into view.
The hobgoblin shouts!
You slash the worm!
The worm is heavily wounded.
The worm barely misses you.
The hobgoblin moves out of view.
You hit the worm.
The worm is severely wounded.
You block the worm's attack.
You barely miss the worm.
You tail-slap the worm, but do no damage.
The worm is severely wounded.
The worm bites you.
You hit the worm.
The worm is severely wounded.
You completely miss the worm.
You tail-slap the worm, but do no damage.
The worm is severely wounded.
The worm bites you but does no damage.
You hit the worm.
The worm is severely wounded.
The worm bites you.
* * * LOW HITPOINT WARNING * * *
You hit the worm.
The worm is almost dead.
The worm closely misses you.
You slash the worm!
You kill the worm!
You closely miss the hobgoblin.
The hobgoblin hits you but does no damage.
You closely miss the hobgoblin. The hobgoblin barely misses you.
You block the hobgoblin's attack.
You hit the hobgoblin.
Your tail-slap misses the hobgoblin.
The hobgoblin is severely wounded.
The hobgoblin hits you but does no damage.
You slash the hobgoblin!
You kill the hobgoblin!
Your Shields skill increases to level 2!
h - a fuming ruby potion
Items here: ) ††††† You see here a dagger.
Found 9 gold pieces.
Found a stone staircase leading down.
You now have 9 gold pieces.
There is a stone staircase leading down here.
There is a stone staircase leading down here.
There is a stone staircase leading down here.
You climb downwards.
Found a tubular ivory ring and a scroll labeled ETUOXZ BAS NOF.
Found a stone staircase leading up.
There is a stone staircase leading up here.
i - a tubular ivory ring Put on which piece of jewellery? (? for menu, Esc to quit)
i - a ring of see invisible (left hand)
There is a stone staircase leading up here.
j - a scroll labeled ETUOXZ BAS NOF
Found a white potion.
There is a stone staircase leading up here.
k - a white potion
There is a stone staircase leading up here.
You climb upwards.
The gnoll shouts!
You hear a shout! x2
The gnoll hits you from afar with a spear.
The gnoll completely misses you.
You hear an angry hiss.
There is a stone staircase leading down here.
A gnoll comes into view.
The gnoll shouts!
The gnoll hits you but does no damage.
You hit the gnoll.
The gnoll is lightly wounded.
The gnoll closely misses you.
A gnoll comes into view. It is wielding a halberd.
You block the gnoll's attack.
The gnoll hits you from afar with a spear!
* * * LOW HITPOINT WARNING * * *
The gnoll hits you from afar with a halberd.
* * * LOW HITPOINT WARNING * * *
There is a stone staircase leading down, spattered with blood here.
The gnoll hits you!
You die...

.# .# ##.# ...
#.. # #g# ##.##
#.#g##......
#.g.@..#
.....##.##......
### #.# #..## ##
..##.##.. ...
... ...#.#### .
#.##..#.#
.......##
.......# #.#†.#
.#####.


You could see 3 gnolls.

Vanquished Creatures
  An adder (D:2)
  A worm (D:2)
  A giant cockroach (D:2)
  A goblin (D:2)
  2 hobgoblins (D:2)
  3 ball pythons
  A bat (D:1)
  2 frilled lizards (D:1)
  A kobold (D:1)
  2 rats (D:2)
15 creatures vanquished.

Notes
Turn   | Place    | Note
-------+----------+-------------------------------------------
     0 | D:1      | tidbits the Draconian Wanderer began the quest for the Orb.
     0 | D:1      | tidbits set off with: a +2 hand axe, 2 potions of curing, a bread ration
     0 | D:1      | Reached XP level 1. HP: 19/19 MP: 1/1
   170 | D:2      | Reached XP level 2. HP: 24/27 MP: 2/2
   186 | D:2      | Reached skill level 2 in Shields
   278 | D:2      | Slain by a gnoll

Vault maps used:
D:1:      onia_arrival_pentagram, nicolae_ashenzari_panopticon
D:2:      first_bread, minmay_box_of_dots
D:3:      uniq_natasha

Skill      XL: |  1  2 |
---------------+-------+-----
Shields        | 2 |  2.0
Fighting       | |  3.9
Axes           | |  2.0
Throwing       | |  1.0
Dodging        | |  0.3
Necromancy     | |  2.0
Fire Magic     | |  1.0

Action                   || total
-------------------------++-------
Melee: Hand axe          ||    39
       Tailslap          ||     4
Armor: Skin              ||    13
Dodge: Dodged            ||    22
Block: Shield            ||     9

Table legend:
 A = Spawn XP
 B = Non-spawn XP
 C = Spawn XP percentage of total XP
 D = Spawn monster count
 E = Non-spawn monster count
 F = Spawn count percentage of total count
 G = Total turns spent on level
                    A         B        C        D         E        F      G
               +---------+---------+-------+---------+---------+-------+---------
         Total |       1 |      35 |   2.8 |       1 |      14 |   6.7 |   278
               +---------+---------+-------+---------+---------+-------+---------
           D:1 |       1 |       4 |  20.0 |       1 |       4 |  20.0 |   158
           D:2 |       0 |      31 |   0.0 |       0 |      10 |   0.0 |    93
               +---------+---------+-------+---------+---------+-------+---------

Table legend:
 A = Turns spent in this place as a percentage of turns spent in the entire game.
 B = Non-inter-level travel turns spent in this place as a percentage of non-inter-level travel turns spent in the entire game.
 C = Inter-level travel turns spent in this place as a percentage of turns spent in this place.
 D = Turns resting spent in this place as a percentage of non-inter-level travel turns spent in this place.
 E = Turns spent auto-exploring this place as a percentage of non-inter-level travel turns spent in this place.
 F = Non-inter-level travel turns spent in this place divided by the number of levels of this place that you've seen.
                   A       B       C       D       E      F
               +-------+-------+-------+-------+-------+----------------------
         Total | 100.0 | 100.0 |   3.6 |   0.0 |   0.0 |  89.3
       Dungeon | 100.0 | 100.0 |   3.6 |   0.0 |   0.0 |  89.3
               +-------+-------+-------+-------+-------+----------------------

Table legend:
 A = Kills in this place as a percentage of kills in entire the game.
 B = Kills by you in this place as a percentage of kills by you in the entire game.
 C = Kills by friends in this place as a percentage of kills by friends in the entire game.
 D = Other kills in this place as a percentage of other kills in the entire game.
 E = Experience gained in this place as a percentage of experience gained in the entire game.
 F = Experience gained in this place divided by the number of levels of this place that you have seen.
                   A       B       C       D       E      F
               +-------+-------+-------+-------+-------+----------------------
         Total | 100.0 | 100.0 |   N/A |   N/A | 100.0 |  12.0
       Dungeon | 100.0 | 100.0 |   N/A |   N/A | 100.0 |  12.0
               +-------+-------+-------+-------+-------+----------------------

Vault maps used:
D:1:      onia_arrival_pentagram, nicolae_ashenzari_panopticon
D:2:      first_bread, minmay_box_of_dots
D:3:      uniq_natasha
